 Dungeon Crawl Stone Soup version 0.23-a0-650-ga4d50d4 (webtiles) character file.

14539 4thArraOfDagon the Skirmisher (level 11, -1/84 HPs)
             Began as a Mummy Warper on Jan 2, 2019.
             Was a High Priest of Cheibriados.
             Slain by an iguana (13 damage)
             ... on level 12 of the Dungeon.
             The game lasted 00:33:00 (11696 turns).

4thArraOfDagon the Skirmisher (Mummy Warper)       Turns: 11696, Time: 00:33:00

Health: -1/84      AC:  9    Str: 27    XL:     11   Next: 90%
Magic:  0/20       EV: 18    Int: 29    God:    Cheibriados [*****.]
Gold:   763        SH:  0    Dex: 24    Spells: 4/22 levels left

rFire    + + .     SeeInvis .   J - +4 flail
rCold    . . .     Gourm    .   (no shield)
rNeg     + + +     Faith    .   q - +1 robe {rF+}
rPois    ∞         Spirit   .   L - +2 helmet
rElec    .         Reflect  .   (no cloak)
rCorr    .         Harm     .   p - +1 pair of gloves
MR       +....                  (no boots)
Stlth    ++........             F - amulet of Eryoh {+Rage Int+2}
HPRegen  0.24/turn              c - ring of fire
MPRegen  0.17/turn              h - ring of protection from fire

@: about to teleport, studying Transmutations, very slow
A: no food or potions, fire vulnerability, cold resistance 1, negative energy
resistance 3, torment resistance, unbreathing
a: Bend Time, Temporal Distortion, Slouch, Step From Time, Renounce Religion


You were on level 12 of the Dungeon.
You worshipped Cheibriados.
Cheibriados was extremely pleased with you.
You were not hungry.

You visited 2 branches of the dungeon, and saw 14 of its levels.
You also visited: Ossuary.

You collected 865 gold pieces.
You spent 102 gold pieces at shops.

Inventory:

Hand Weapons
 l - a +2 flail of protection
 w - a +2 dagger of venom
 B - a +0 blowgun
 J - a +4 flail (weapon)
 K - the +10 hunting sling of Distraction {speed, MR+ Int-2 Dex+6}
   (You found it on level 11 of the Dungeon)

   Attacks with this weapon are significantly faster.
   It affects your intelligence (-2).
   It affects your dexterity (+6).
   It affects your resistance to hostile enchantments.
   Cheibriados disapproves of the use of such an item.
Missiles
 e - 5 tomahawks of dispersal (quivered)
 H - 9 throwing nets
Armour
 a - a +2 leather armour of cold resistance
 i - a +0 plate armour of magic resistance
 p - a +1 pair of gloves (worn)
 q - a +1 robe of fire resistance (worn)
 L - a +2 helmet (worn)
Jewellery
 c - a ring of fire (left hand)
 h - a ring of protection from fire (right hand)
 y - an uncursed ring of resist corrosion
 F - the amulet of Eryoh (around neck) {+Rage Int+2}
   (You found it on level 8 of the Dungeon)

   [amulet of rage]

   It affects your intelligence (+2).
   It lets you go berserk.
Wands
 b - a wand of disintegration (10)
 k - a wand of polymorph (5)
 n - a wand of random effects (24)
 s - a wand of enslavement (7)
 v - a wand of paralysis (18)
 G - a wand of flame (32)
Scrolls
 d - 3 scrolls of blinking
 f - a scroll of fear
 g - a scroll of brand weapon {unknown}
 j - 6 scrolls of teleportation
 m - 3 scrolls of immolation
 r - 4 scrolls of vulnerability {unknown}
 t - 4 scrolls of enchant armour {unknown}
 x - 2 scrolls of remove curse
 z - 3 scrolls of noise
 A - 3 scrolls of amnesia
 D - a scroll of holy word
 I - a scroll of summoning
Books
 C - a manual of Transmutations


   Skills:
 + Level 7.6 Fighting
 - Level 4.1 Maces & Flails
 - Level 0.7 Throwing
 + Level 7.1 Armour
 + Level 6.9 Dodging
 - Level 6.0 Spellcasting
 - Level 3.1 Conjurations
 - Level 5.9 Necromancy
 - Level 2.4 Translocations
 - Level 3.0 Fire Magic
 + Level 7.3 Invocations
 + Level 2.9 Evocations


You had 4 spell levels left.
You knew the following spells:

 Your Spells              Type           Power        Failure   Level  Hunger
a - Vampiric Draining     Necr           #####.....   1%          3    N/A
b - Animate Dead          Necr           N/A          4%          4    N/A
c - Pain                  Necr           ####         1%          1    N/A
d - Apportation           Tloc           ###...       1%          1    N/A
e - Blink                 Tloc           N/A          3%          2    N/A
f - Conjure Flame         Conj/Fire      #####...     4%          3    N/A
g - Sticky Flame          Conj/Fire      #####...     16%         4    N/A

Your spell library contained the following spells:

 Spells                   Type           Power        Failure   Level  Hunger
 Animate Skeleton         Necr           N/A          1%          1    N/A
 Flame Tongue             Conj/Fire      #####        1%          1    N/A
 Magic Dart               Conj           ####         1%          1    N/A
 Searing Ray              Conj           ####..       2%          2    N/A
 Throw Flame              Conj/Fire      #####.       2%          2    N/A
 Shock                    Conj/Air       ###.         3%          1    N/A
 Confusing Touch          Hex            #.....       5%          1    N/A
 Corona                   Hex            #......      5%          1    N/A
 Summon Small Mammal      Summ           #...         5%          1    N/A
 Shroud of Golubria       Chrm/Tloc      ###.......   5%          2    N/A
 Gell's Gravitas          Tloc           ###.......   6%          3    N/A
 Lesser Beckoning         Tloc           ###.......   6%          3    N/A
 Teleport Other           Tloc           ###.....     6%          3    N/A
 Ensorcelled Hibernation  Hex/Ice        #.....       9%          2    N/A
 Swiftness                Chrm/Air       #.......     9%          2    N/A
 Dazzling Spray           Conj/Hex       ###...       9%          3    N/A
 Inner Flame              Hex/Fire       ####....     9%          3    N/A
 Static Discharge         Conj/Air       ###.....     9%          3    N/A
 Iskenderun's Mystic Bla  Conj           ####....     16%         4    N/A
 Confuse                  Hex            #.......     17%         3    N/A
 Tukima's Dance           Hex            #.......     17%         3    N/A
 Force Lance              Conj/Tloc      ###.....     19%         4    N/A
 Passage of Golubria      Tloc           N/A          21%         4    N/A
 Fulminant Prism          Conj/Hex       ###.......   28%         4    N/A
 Airstrike                Air            #.........   50%         4    N/A
 Cause Fear               Hex            #.........   50%         4    N/A
 Fireball                 Conj/Fire      #####.....   41%         5    N/A
 Lightning Bolt           Conj/Air       ###.......   63%         5    N/A
 Silence                  Hex/Air        #.........   83%         5    N/A
 Yara's Violent Unravell  Hex/Tmut       #.........   83%         5    N/A
 Deflect Missiles         Chrm/Air       #.........   100%        6    N/A
 Discord                  Hex            #.........   100%        8    N/A
 Regeneration             Chrm/Necr      Unusable     N/A         3    N/A

Dungeon Overview and Level Annotations

Branches:
Dungeon (13/15)            Temple (1/1) D:6            Lair (0/6) D:9
    Orc (0/2) D:10
 Vaults: D:13-14

Altars:
Ashenzari
Cheibriados
Elyvilon
Gozag
Hepliaklqana
Kikubaaqudgha
Makhleb
Nemelex Xobeh
Okawaru
Qazlal
Ru
Sif Muna
Trog
Uskayaw
Vehumet
Wu Jian
Xom
Yredelemnul
Zin
The Shining One

Shops:
D:6 *:   D:10 }   D:12 *

Portals:
Trove: D:11 (give +7 demon blade)

Annotations:
D:3 1 runed door, Phong's ghost, amateur KoFE
D:8 1 runed door
D:9 2 transporters, kibaces's ghost, novice HONe
D:13 Josephine


Innate Abilities, Weirdness & Mutations

You do not eat or drink.
Your flesh is vulnerable to fire.
You are immune to poison.
Your flesh is cold resistant. (rC+)
You are immune to negative energy. (rN+++)
You are immune to unholy pain and torment.
You can survive without breathing.


Message History

Unknown command.
Unknown command.
Casting: Vampiric Draining (safe; 1% risk of failure)
Confirm with . or Enter, or press ? or * to list all spells.
Aiming: Vampiric Draining (safe; 1% risk of failure)
Press: ? - help, Shift-Dir - straight line, f/p - centaur
Aim: a centaur, wielding a -1 shortbow (moderately wounded)
The centaur is severely wounded.
You feel life coursing into your body. The centaur misses you.
The centaur closely misses you. The centaur barely misses you.
The centaur hits you with a cursed -1 shortbow.
* * * LOW HITPOINT WARNING * * *
The iguana closely misses you.
Unknown command.
You barely miss the centaur.
The centaur is severely wounded.
The centaur hits you.
* * * LOW HITPOINT WARNING * * *
The centaur misses you. The iguana bites you!
You die...

#..# #.##..###..# #..#
#.##.......# #..#
#.##.......# #..#
#.##..###..# #..#
#.##..# #..# #..#
#.##..# #..# #..#
#.##..# #..# #.c#
#.##..# #..# #.@#
#.##..# #..# #cl#
#.##..# #..#
#####..#####.##..###..#
#......................
#######################


You could see 2 centaurs and an iguana.

Vanquished Creatures
  Gastronok (D:10)
  A hydra (D:11)
  An unseen horror (D:10)
  An ugly thing (D:12)
  4 gargoyles (D:11)
  A troll (D:10)
  A hornet (D:10)
  4 hippogriffs
  A spriggan (D:8)
  16 yaks
  A vampire (D:9)
  A wyvern (D:12)
  3 wraiths
  A steam dragon (D:12)
  A warg (D:10)
  4 ice beasts
  6 orc warriors
  A phantom (D:10)
  3 sky beasts
  7 ogres
  4 centaurs
  4 elf zombies (Ossuary)
  2 big kobolds
  3 gnoll sergeants (D:9)
  3 bullfrogs
  2 wyvern skeletons
  3 killer bees (D:12)
  5 wights (D:11)
  A howler monkey (D:10)
  A jelly (D:6)
  3 crimson imps
  A bullfrog zombie (D:9)
  5 centaur zombies
  A bullfrog skeleton (D:5)
  9 hounds
  8 orc priests
  A centaur skeleton (D:7)
  4 human zombies (Ossuary)
  2 gnoll shamans (D:9)
  11 orc wizards
  Terence (D:2)
  An iguana (D:11)
  4 worker ants
  A hound skeleton (D:11)
  3 mummies (Ossuary)
  Robin (D:2)
  26 gnolls
  A howler monkey skeleton (D:7)
  14 adders
  3 shadow imps
  An ooze (D:1)
  2 adder zombies
  5 worms
  A dart slug (D:5)
  3 leopard geckos
  45 orcs
  3 bats
  5 giant cockroaches
  17 goblins
  14 hobgoblins
  9 jackals
  13 kobolds
  3 quokkas
  A frilled lizard (D:1)
  A giant cockroach zombie (D:5)
  A leopard gecko zombie (D:4)
  3 rats
314 creatures vanquished.

Vanquished Creatures (collateral kills)
  A killer bee zombie (D:4)
  2 orcs
3 creatures vanquished.

Grand Total: 317 creatures vanquished

Notes
Turn   | Place    | Note
-------+----------+-------------------------------------------
     0 | D:1      | 4thArraOfDagon the Mummy Warper began the quest for the
                  | Orb.
     0 | D:1      | Reached XP level 1. HP: 16/16 MP: 4/4
   433 | D:1      | Found a bloodstained altar of Trog.
   500 | D:2      | Reached XP level 2. HP: 20/22 MP: 5/5
   715 | D:3      | Found a bloodstained altar of Trog.
   755 | D:5      | Entered Level 5 of the Dungeon
   965 | D:5      | Reached XP level 3. HP: 21/27 MP: 7/7
   984 | D:5      | Learned a level 3 spell: Vampiric Draining
  1016 | D:5      | Reached skill level 1 in Armour
  1016 | D:5      | Reached skill level 1 in Necromancy
  1055 | D:5      | Reached XP level 4. HP: 26/33 MP: 8/8
  1236 | D:5      | Reached XP level 5. HP: 32/38 MP: 9/9
  1576 | D:4      | Found a sacrificial altar of Ru.
  1594 | D:4      | Found a white marble altar of Elyvilon.
  1756 | D:6      | Noticed an ogre
  1773 | D:6      | Killed an ogre
  1773 | D:6      | Reached XP level 6. HP: 12/44 MP: 11/11
  2278 | D:6      | Learned a level 4 spell: Animate Dead
  2302 | D:6      | Learned a level 1 spell: Pain
  2315 | D:6      | Found Ixat's Assorted Antiques.
  2353 | D:6      | Bought a scroll labeled ONIUNN BUEPIF for 34 gold pieces
  2353 | D:6      | Bought a scroll labeled RUBYKK PUAZOU for 34 gold pieces
  2353 | D:6      | Bought a scroll labeled RUBYKK PUAZOU for 34 gold pieces
  2579 | D:6      | Found a staircase to the Ecumenical Temple.
  2590 | Temple   | Entered the Ecumenical Temple
  2613 | Temple   | Became a worshipper of Cheibriados the Contemplative
  2736 | D:5      | Noticed an ice beast
  3072 | D:4      | Learned a level 1 spell: Apportation
  3081 | D:4      | Learned a level 2 spell: Blink
  3148 | D:4      | Reached XP level 7. HP: 40/50 MP: 13/13
  3179 | D:3      | Found an iron altar of Okawaru.
  3408 | D:2      | Found a glowing golden altar of the Shining One.
  3433 | D:2      | Noticed Robin
  3438 | D:2      | Noticed Terence
  3446 | D:2      | Reached * piety under Cheibriados
  3468 | D:2      | Killed Terence
  3468 | D:2      | Reached skill level 1 in Invocations
  3480 | D:2      | Killed Robin
  4073 | D:2      | Reached ** piety under Cheibriados
  4511 | D:3      | Found a runed door.
  4514 | D:3      | Noticed Phong's ghost (amateur KoFE)
  5199 | D:6      | Noticed a hippogriff
  5234 | D:6      | Killed a hippogriff
  5234 | D:6      | Reached skill level 5 in Spellcasting
  5234 | D:6      | Reached skill level 5 in Necromancy
  5234 | D:6      | Reached XP level 8. HP: 6/56 MP: 3/15
  5377 | D:6      | Found a shattered altar of Ashenzari.
  5571 | D:6      | Found Ipnoos's Book Shop.
  5930 | D:7      | Reached *** piety under Cheibriados
  6052 | D:7      | Learned a level 3 spell: Conjure Flame
  6083 | D:7      | Found Ograkhei's Antique Armour Shop.
  6134 | D:7      | Noticed a hippogriff
  6145 | D:7      | Killed a hippogriff
  6145 | D:7      | Reached XP level 9. HP: 58/62 MP: 5/18
  6437 | D:8      | Found a sand-covered staircase.
  6450 | D:8      | Learned a level 4 spell: Sticky Flame
  6451 | Ossuary  | Entered an ossuary
  6721 | Ossuary  | Reached skill level 1 in Conjurations
  6725 | Ossuary  | Reached skill level 1 in Fire Magic
  6975 | D:8      | Found a stormy altar of Qazlal.
  7094 | D:8      | Got a clouded tin amulet
  7096 | D:8      | Identified the amulet of Eryoh {+Rage Int+2} (You found it
                  | on level 8 of the Dungeon)
  7185 | D:8      | Found a runed door.
  7185 | D:8      | Noticed a freezing wraith
  7185 | D:8      | Noticed a centaur warrior
  7187 | D:8      | Noticed a yaktaur captain
  7187 | D:8      | Identified the amulet "Sunneguhag" {Reflect rC+ MR+ Int-5
                  | SH+2}
  7187 | D:8      | Noticed a deep elf mage
  7187 | D:8      | Noticed an ogre mage
  7187 | D:8      | Noticed a manticore
  7187 | D:8      | Noticed a wolf spider
  7355 | D:8      | Reached **** piety under Cheibriados
  7570 | D:9      | Found a staircase to the Lair.
  7590 | D:9      | Noticed a komodo dragon
  7591 | D:9      | Noticed kibaces's ghost (novice HONe)
  7591 | D:9      | Noticed a moth of wrath
  7623 | D:9      | Found a transporter.
  7890 | D:9      | Reached XP level 10. HP: 57/71 MP: 16/19
  8129 | D:9      | Reached ***** piety under Cheibriados
  8436 | D:9      | Found a transporter.
  8461 | D:10     | Entered Level 10 of the Dungeon
  8474 | D:10     | Reached skill level 5 in Armour
  8508 | D:10     | Reached skill level 5 in Invocations
  8524 | D:10     | Reached skill level 5 in Dodging
  8595 | D:10     | Reached skill level 5 in Fighting
  8639 | D:10     | Noticed an unseen horror
  8642 | D:10     | Killed an unseen horror
  8659 | D:10     | Found Ymiodwak's Gadget Shop.
  8998 | D:10     | Found a staircase to the Orcish Mines.
  9074 | D:10     | Noticed Gastronok
  9084 | D:10     | Killed Gastronok
  9084 | D:10     | Reached XP level 11. HP: 80/82 MP: 13/20
  9740 | D:11     | Reached skill level 1 in Evocations
 10254 | D:11     | Noticed a six-headed hydra
 10263 | D:11     | Killed a six-headed hydra
 10321 | D:11     | Got a dazzling hunting sling
 10399 | D:11     | Found a portal to a secret trove of treasure.
 10668 | D:12     | Found a hide-covered altar of Uskayaw.
 10671 | D:12     | Identified the +10 hunting sling of Distraction {speed, MR+
                  | Int-2 Dex+6} (You found it on level 11 of the Dungeon)
 10699 | D:12     | Found Xupo's Hallowed Reliquary.
 10699 | D:12     | Found a glowing golden altar of the Shining One.
 10701 | D:12     | Noticed an angel
 11144 | D:12     | Noticed a purple ugly thing
 11188 | D:12     | Killed a purple ugly thing
 11403 | D:13     | Noticed Josephine
 11631 | D:13     | Noticed a centaur warrior
 11691 | D:13     | Noticed a two-headed ogre
 11696 | D:12     | Slain by an iguana

Vault maps used:
D:1:      dpeg_arrival_more_subterranean_lakeside_camping, chequers_mini_garden,
          kennysheep_flooded_box
D:2:      lemuel_round_altar, minmay_heptomino_h4, uniq_terence, uniq_robin
D:3:      lemuel_coloured_pillars_altar, okawaru_altar_gauntlet_db,
          first_ration, ebering_ghost_reflecting_pool
D:4:      old_standard_altar, hangedman_ru_absence
D:6:      minitemple, evilmike_ruin_ashenzari, minmay_temple_entry_stoned_glass,
          serial_shops, kennysheep_little_box, shop, minmay_manual_maat
D:7:      serial_shops, shop
D:8:      minmay_gate_of_8, nicolae_qazlal_general_emergency,
          lightli_ossuary_entry_decrepit_ruins, the_bakery
D:9:      lair_entry_dummy, gammafunk_ghost_berserking_beasts,
          serial_gnoll_camp, gnoll_camp_huts_basic, gnoll_camp_mini_hut,
          gnoll_camp_medium_01, gnoll_camp_mini_loothouse
D:10:     erik_orc_3, serial_shops, nicolae_shop_crystal, uniq_gastronok
D:11:     cheibrodos_statue_roulette, nicolae_trove_entry_free_sample
D:12:     basic_altar, nicolae_good_shop
D:13:     david_vaults_4, serial_column_ruins, column_ruins_hut_pillars,
          column_ruins_circle_small, column_ruins_open_tiny,
          column_ruins_grid_1, column_ruins_open_large, column_ruins_grid_1,
          column_ruins_open_large, minmay_misc_feat_rows, uniq_josephine
Temple:   minmay_temple_bridge_abc
Ossuary:  ossuary_minmay_four_chambers

Skill      XL: |  1  2  3  4  5  6  7  8  9 10 11 |
---------------+----------------------------------+-----
Maces & Flails | 2 3 4 |  4.1
Armour         | 1 2 3 4 6 7 |  7.1
Necromancy     | 1 2 3 5 |  5.9
Spellcasting   | 3 4 5 6 |  6.0
Dodging        | 2 3 4 6 |  6.9
Invocations    | 2 3 4 6 7 |  7.3
Fighting       | 4 6 7 |  7.6
Conjurations   | 3 |  3.1
Fire Magic     | 3 |  3.0
Evocations     | 2 |  2.9
Throwing       | |  0.7
Translocations | |  2.4

Action                   |  1- 3 |  4- 6 |  7- 9 | 10-12 || total
-------------------------+-------+-------+-------+-------++-------
Melee: Mace              |    62 |       |       |       ||    62
       Flail             |     4 |    37 |   165 |   435 ||   641
       Dagger            |       |   148 |   402 |    11 ||   561
       Morningstar       |       |       |    43 |    10 ||    53
 Cast: Vampiric Draining |       |       |    53 |    26 ||    79
       Sticky Flame      |       |       |     2 |    25 ||    27
       Conjure Flame     |       |       |       |    12 ||    12
Invok: Slouch            |       |       |     1 |     4 ||     5
       Temporal Distorti |       |       |       |     3 ||     3
Evoke: Wand              |       |     2 |       |       ||     2
  Use: Scroll            |       |     1 |     4 |    12 ||    17
 Stab: Sleeping          |       |       |     4 |     4 ||     8
Armor: Leather armour    |     4 |       |       |       ||     4
       Plate armour      |    20 |    82 |       |       ||   102
       Ring mail         |     5 |       |       |       ||     5
       Robe              |       |     8 |   214 |   149 ||   371
Dodge: Dodged            |    23 |    57 |   510 |   520 ||  1110

Table legend:
 A = Non-vault XP
 B = Vault XP
 C = Vault XP percentage of total XP
 D = Non-vault monster count
 E = Vault monster count
 F = Vault count percentage of total count
                 A         B        C        D         E       F
            +---------+---------+-------+---------+---------+-------
      Total |   13300 |    7471 |  36.0 |     221 |      96 |  30.3
            +---------+---------+-------+---------+---------+-------
        D:1 |      18 |       0 |   0.0 |       8 |       0 |   0.0
        D:2 |     119 |      94 |  44.1 |      24 |      14 |  36.8
        D:3 |      26 |      23 |  46.9 |      11 |       6 |  35.3
        D:4 |     271 |       0 |   0.0 |      10 |       0 |   0.0
        D:5 |     295 |       0 |   0.0 |      19 |       0 |   0.0
        D:6 |     622 |     636 |  50.6 |      11 |       6 |  35.3
        D:7 |     707 |       0 |   0.0 |      24 |       0 |   0.0
        D:8 |     699 |     220 |  23.9 |      16 |       1 |   5.9
        D:9 |     916 |     778 |  45.9 |      17 |      30 |  63.8
       D:10 |    3559 |    2847 |  44.4 |      42 |      18 |  30.0
       D:11 |    4704 |    1661 |  26.1 |      30 |       4 |  11.8
       D:12 |    1364 |     426 |  23.8 |       9 |       2 |  18.2
    Ossuary |       0 |     786 | 100.0 |       0 |      15 | 100.0
            +---------+---------+-------+---------+---------+-------
